PBL
MADISON BREWERS @ TIJUANA TOROS
08/06/2047
 
TOP OF THE 1ST
Madison Brewers batting - Pitching for Tijuana Toros : LHP Adrian Huerta
Pitching: LHP Adrian Huerta
Batting: LHB Andy Buschlen 0-0: Swinging Strike
0-1: Ball
1-1: Called Strike
1-2: Fly out, F7 (Flyball, 7, EV 81.2 MPH)
Batting: RHB Malcolm McCauley 0-0: Called Strike
0-1: Ball
1-1: Ball
2-1: Foul Ball, location: 2F
2-2: Foul Ball, location: 2F
2-2: Strikes out swinging
Batting: LHB Bill Kovac 0-0: Called Strike
0-1: Ball
1-1: Ball
2-1: Swinging Strike
2-2: Foul Ball, location: 2F
2-2: Foul Ball, location: 2F
2-2: Strikes out swinging
Top of the 1st over - 0 runs, 0 hits, 0 errors, 0 left on base; Madison 0 - Tijuana 0
BOTTOM OF THE 1ST
Tijuana Toros batting - Pitching for Madison Brewers : RHP Heraclio Sosa
Pitching: RHP Heraclio Sosa
Batting: SHB Javy Franco 0-0: Ball
1-0: SINGLE (Groundball, 56D, EV 96.9 MPH)
Batting: RHB Adam Maczko 0-0: Foul Ball, location: 2F
0-1: Ball
1-1: Ball
2-1: Grounds into double play, 5-4-3 (Groundball, 5, EV 87.5 MPH)
Batting: RHB Carlos Gonzalez 0-0: Ball
1-0: Called Strike
1-1: Swinging Strike
1-2: Strikes out looking
Bottom of the 1st over - 0 runs, 1 hit, 0 errors, 0 left on base; Madison 0 - Tijuana 0
TOP OF THE 2ND
Madison Brewers batting - Pitching for Tijuana Toros : LHP Adrian Huerta
Batting: LHB Fumito Sakurai 0-0: Ball
1-0: Ball
2-0: Ball
3-0: Called Strike
3-1: SINGLE (Groundball, 34D, EV 95.6 MPH)
Batting: LHB Tony Hasbun 0-0: Called Strike
Fumito Sakurai steals 2nd base
0-1: Foul Ball, location: 2F
0-2: Foul Ball, location: 2F
0-2: Ball
1-2: Ball
2-2: Strikes out swinging
Batting: RHB Frank Pena 0-0: Called Strike
0-1: Ball
1-1: Ball
Passed Ball!
Fumito Sakurai to third
2-1: Ball
3-1: Fly out, F8 (Flyball, 8RS, EV 96.9 MPH)
Batting: LHB Jesus Huante 0-0: 2-RUN HOME RUN (Flyball, 89XD, EV 112.5 MPH), Distance : 415 ft
Batting: RHB Xiao-shuang Au 0-0: Called Strike
0-1: Swinging Strike
0-2: Strikes out swinging
Top of the 2nd over - 2 runs, 2 hits, 0 errors, 0 left on base; Madison 2 - Tijuana 0
BOTTOM OF THE 2ND
Tijuana Toros batting - Pitching for Madison Brewers : RHP Heraclio Sosa
Batting: RHB John Hanson 0-0: Swinging Strike
0-1: Called Strike
0-2: Strikes out looking
Batting: SHB Alex Noval 0-0: Swinging Strike
0-1: Foul Ball, location: 2F
0-2: Strikes out swinging
Batting: RHB Alex Diaz 0-0: Called Strike
0-1: Ball
1-1: Ground out 6-3 (Groundball, 6, EV 100.6 MPH)
Bottom of the 2nd over - 0 runs, 0 hits, 0 errors, 0 left on base; Madison 2 - Tijuana 0
TOP OF THE 3RD
Madison Brewers batting - Pitching for Tijuana Toros : LHP Adrian Huerta
Batting: RHB Fernando Mejia 0-0: Swinging Strike
0-1: Ball
1-1: Swinging Strike
1-2: Ball
2-2: Strikes out looking
Batting: LHB Andy Buschlen 0-0: Ball
1-0: Ball
2-0: Called Strike
2-1: Called Strike
2-2: Ball
3-2: Strikes out swinging, 2-3 out at first.
Batting: RHB Malcolm McCauley 0-0: Ball
1-0: Swinging Strike
1-1: Swinging Strike
1-2: SINGLE (Groundball, 56D, EV 105.0 MPH)
Batting: LHB Bill Kovac 0-0: Ball
1-0: 2-RUN HOME RUN (Flyball, 9LD, EV 98.8 MPH), Distance : 348 ft
Batting: LHB Fumito Sakurai 0-0: Ball
1-0: Ball
2-0: Ball
3-0: Base on Balls
Batting: LHB Tony Hasbun 0-0: Ball
Fumito Sakurai is caught stealing 2nd base 2-6
Top of the 3rd over - 2 runs, 2 hits, 0 errors, 0 left on base; Madison 4 - Tijuana 0
BOTTOM OF THE 3RD
Tijuana Toros batting - Pitching for Madison Brewers : RHP Heraclio Sosa
Batting: SHB Erick Hamburger 0-0: Ball
1-0: Foul Ball, location: 2F
1-1: Called Strike
1-2: Strikes out looking
Batting: RHB Mario Diaz 0-0: Called Strike
0-1: Swinging Strike
0-2: Ground out 3-1 (Groundball, 34S, EV 68.1 MPH)
Batting: RHB Guillermo Puente 0-0: Ball
1-0: Ball
2-0: Called Strike
2-1: Ground out U3 (Groundball, 34, EV 84.4 MPH)
Bottom of the 3rd over - 0 runs, 0 hits, 0 errors, 0 left on base; Madison 4 - Tijuana 0
TOP OF THE 4TH
Madison Brewers batting - Pitching for Tijuana Toros : LHP Adrian Huerta
Batting: LHB Tony Hasbun 0-0: Foul Ball, location: 2F
0-1: Reached via error on a dropped throw from 3B, E3 (Groundball, 5L, EV 81.9 MPH)
Batting: RHB Frank Pena 0-0: DOUBLE (Line Drive, 89D, EV 105.0 MPH)
Tony Hasbun to third
Batting: LHB Jesus Huante 0-0: Foul Ball, location: 2F
0-1: Called Strike
0-2: Ball
1-2: Foul Ball, location: 2F
1-2: Fly out, F8 (Flyball, 8RD, EV 104.4 MPH)
Runner from 3rd tags up, SCORES, no throw by CF
Batting: RHB Xiao-shuang Au 0-0: Ball
Frank Pena steals 3rd base
1-0: Swinging Strike
1-1: 2-RUN HOME RUN (Flyball, 89XD, EV 110.0 MPH), Distance : 416 ft
Pitching: RHP Ricky Mendoza
Batting: RHB Fernando Mejia 0-0: Fly out, F3 (Popup, 3S, EV 87.5 MPH)
Batting: LHB Andy Buschlen 0-0: Ball
1-0: Ball
2-0: Called Strike
2-1: Ball
3-1: Base on Balls
Batting: RHB Malcolm McCauley 0-0: Foul Ball, location: 2F
0-1: Fly out, F3 (Popup, 3SF, EV 78.1 MPH)
Top of the 4th over - 3 runs, 2 hits, 1 error, 1 left on base; Madison 7 - Tijuana 0
BOTTOM OF THE 4TH
Tijuana Toros batting - Pitching for Madison Brewers : RHP Heraclio Sosa
Batting: SHB Javy Franco 0-0: Called Strike
0-1: Swinging Strike
0-2: Ball
1-2: Strikes out swinging
Batting: RHB Adam Maczko 0-0: Called Strike
0-1: Ball
1-1: Ball
2-1: Swinging Strike
2-2: Ball
3-2: Foul Ball, location: 2F
3-2: Strikes out swinging
Batting: RHB Carlos Gonzalez 0-0: Ball
1-0: Foul Ball, location: 2F
1-1: Foul Ball, location: 2F
1-2: Foul Ball, location: 2F
1-2: Foul Ball, location: 2F
1-2: Foul Ball, location: 2F
1-2: Ball
2-2: Foul Ball, location: 2F
2-2: Strikes out swinging
Bottom of the 4th over - 0 runs, 0 hits, 0 errors, 0 left on base; Madison 7 - Tijuana 0
TOP OF THE 5TH
Madison Brewers batting - Pitching for Tijuana Toros : RHP Ricky Mendoza
Batting: LHB Bill Kovac 0-0: Ball
1-0: SOLO HOME RUN (Flyball, 7D, EV 100.0 MPH), Distance : 388 ft
Batting: LHB Fumito Sakurai 0-0: SOLO HOME RUN (Flyball, 89XD, EV 109.4 MPH), Distance : 443 ft
Batting: LHB Tony Hasbun 0-0: SINGLE (Groundball, 6MS, EV 63.8 MPH) (infield hit)
Batting: RHB Frank Pena 0-0: Foul Ball, location: 2F
0-1: Foul Ball, location: 2F
0-2: Ball
1-2: Strikes out swinging
Batting: LHB Jesus Huante 0-0: Ball
1-0: Fly out, F9 (Line Drive, 89M, EV 89.4 MPH)
Batting: RHB Xiao-shuang Au 0-0: Swinging Strike
0-1: Swinging Strike
0-2: Ball
1-2: Strikes out swinging
Top of the 5th over - 2 runs, 3 hits, 0 errors, 1 left on base; Madison 9 - Tijuana 0
BOTTOM OF THE 5TH
Tijuana Toros batting - Pitching for Madison Brewers : RHP Heraclio Sosa
Batting: RHB John Hanson 0-0: Foul Ball, location: 2F
0-1: Foul Ball, location: 2F
0-2: Ball
1-2: Strikes out swinging
Batting: SHB Alex Noval 0-0: Called Strike
0-1: Foul Ball, location: 2F
0-2: Ball
1-2: Ball
2-2: Ground out 5-3 (Groundball, 56S, EV 76.9 MPH)
Batting: RHB Alex Diaz 0-0: Ball
1-0: Ball
2-0: Foul Ball, location: 2F
2-1: SINGLE (Groundball, 4MD, EV 105.6 MPH)
Batting: SHB Erick Hamburger 0-0: Swinging Strike
0-1: Ball
Alex Diaz is caught stealing 2nd base 2-6
Bottom of the 5th over - 0 runs, 1 hit, 0 errors, 0 left on base; Madison 9 - Tijuana 0
TOP OF THE 6TH
Madison Brewers batting - Pitching for Tijuana Toros : RHP Ricky Mendoza
Batting: RHB Fernando Mejia 0-0: Fly out, F8 (Flyball, 8RD, EV 93.8 MPH)
Batting: LHB Andy Buschlen 0-0: Foul Ball, location: 2F
0-1: Fly out, F8 (Line Drive, 8RM, EV 99.4 MPH)
Batting: RHB Malcolm McCauley 0-0: Called Strike
0-1: Hit by Pitch
Batting: LHB Bill Kovac 0-0: Ball
Wild Pitch!
Malcolm McCauley to second
1-0: Called Strike
1-1: Ball
2-1: SINGLE (Groundball, 34S, EV 75.0 MPH) (infield hit)
Malcolm McCauley to third
Batting: LHB Fumito Sakurai 0-0: Foul Ball, location: 2F
0-1: Fly out, F8 (Flyball, 8LXD, EV 95.0 MPH)
Top of the 6th over - 0 runs, 1 hit, 0 errors, 2 left on base; Madison 9 - Tijuana 0
BOTTOM OF THE 6TH
Tijuana Toros batting - Pitching for Madison Brewers : RHP Heraclio Sosa
Batting: SHB Erick Hamburger 0-0: Ball
1-0: Foul Ball, location: 2F
1-1: Foul Ball, location: 2F
1-2: Ground out 4-3 (Groundball, 4M, EV 90.6 MPH)
Batting: RHB Mario Diaz 0-0: SINGLE (Line Drive, 9S, EV 98.1 MPH)
Batting: RHB Guillermo Puente 0-0: Called Strike
0-1: Ball
1-1: Called Strike
1-2: Ball
2-2: Foul Ball, location: 2F
2-2: Ball
3-2: Strikes out swinging
Pitching: LHP Tony Salazar
Batting: SHB Javy Franco 0-0: Called Strike
0-1: Foul Ball, location: 2F
0-2: Foul Ball, location: 2F
0-2: Ball
1-2: Ball
2-2: Ball
3-2: DOUBLE (Line Drive, 78D, EV 93.1 MPH)
Mario Diaz to third
Mario Diaz scores
Batting: RHB Adam Maczko 0-0: Called Strike
0-1: Called Strike
0-2: Strikes out swinging
Bottom of the 6th over - 1 run, 2 hits, 0 errors, 1 left on base; Madison 9 - Tijuana 1
TOP OF THE 7TH
Madison Brewers batting - Pitching for Tijuana Toros : RHP Ricky Mendoza
Pinch Hitting: RHB Lorenzo Diaz 0-0: Called Strike
0-1: Foul Ball, location: 2F
0-2: Strikes out swinging, 2-3 out at first.
Batting: RHB Frank Pena 0-0: Called Strike
0-1: Ball
1-1: Called Strike
1-2: Ball
2-2: Fly out, F8 (Flyball, 78D, EV 98.8 MPH)
Pinch Hitting: RHB Dave Guevara 0-0: Ball
1-0: Ball
2-0: Swinging Strike
2-1: SINGLE (Line Drive, 7S, EV 109.4 MPH)
Pinch Hitting: RHB Alejandro Collazo 0-0: Ball
1-0: Called Strike
1-1: Fly out, F9 (Flyball, 9, EV 85.6 MPH)
Top of the 7th over - 0 runs, 1 hit, 0 errors, 1 left on base; Madison 9 - Tijuana 1
BOTTOM OF THE 7TH
Tijuana Toros batting - Pitching for Madison Brewers : LHP Tony Salazar
Now at 1B: Austin Doig
Now at 2B: Fernando Mejia
Now at 3B: Dave Guevara
Now at SS: Lorenzo Diaz
Pinch Hitting: LHB Gerardo Arriaga 0-0: Fly out, F9 (Flyball, 89D, EV 100.0 MPH)
Batting: RHB John Hanson 0-0: Foul Ball, location: 2F
0-1: Swinging Strike
0-2: Ball
1-2: Strikes out swinging
Pinch Hitting: RHB Jerry Afghani 0-0: Called Strike
0-1: Fly out, F8 (Line Drive, 8RM, EV 93.1 MPH)
Bottom of the 7th over - 0 runs, 0 hits, 0 errors, 0 left on base; Madison 9 - Tijuana 1
TOP OF THE 8TH
Madison Brewers batting - Pitching for Tijuana Toros : RHP Ricky Mendoza
Now at 1B: Gerardo Arriaga
Now in LF: Jerry Afghani
Pinch Hitting: RHB Dustin Pryor 0-0: Swinging Strike
0-1: Ball
1-1: Fly out, F8 (Flyball, 89M, EV 83.8 MPH)
Pinch Hitting: RHB Daniel Pena 0-0: Called Strike
0-1: Foul Ball, location: 2F
0-2: Ball
1-2: Ground out 6-3 (Groundball, 6, EV 90.0 MPH)
Pinch Hitting: LHB Alex Chairez 0-0: Ball
1-0: Called Strike
1-1: SINGLE (Line Drive, 7S, EV 99.4 MPH)
Pitching: RHP Bart Bell
Pinch Hitting: RHB Manny Olave 0-0: Ball
1-0: Ball
2-0: Ball
3-0: Called Strike
3-1: Base on Balls
Alex Chairez to second
Batting: LHB Fumito Sakurai 0-0: Ball
1-0: Fly out, F5 (Popup, 56, EV 77.5 MPH)
Top of the 8th over - 0 runs, 1 hit, 0 errors, 2 left on base; Madison 9 - Tijuana 1
BOTTOM OF THE 8TH
Tijuana Toros batting - Pitching for Madison Brewers : LHP Tony Salazar
Now at 2B: Lorenzo Diaz
Now at SS: Alex Chairez
Now in LF: Manny Olave
Now in CF: Todd Massad
Now in RF: Daniel Pena
Pinch Hitting: RHB Djoka Subasic 0-0: Called Strike
0-1: Ball
1-1: Ball
2-1: Foul Ball, location: 2F
2-2: Strikes out swinging
Pinch Hitting: RHB Felipe Rivera 0-0: SINGLE (Flyball, 34D, EV 88.8 MPH)
Pinch Hitting: LHB Jose Diaz 0-0: Ball
1-0: Ball
2-0: Ball
3-0: Called Strike
3-1: Called Strike
3-2: Foul Ball, location: 2F
3-2: 2-RUN HOME RUN (Flyball, 9LD, EV 93.8 MPH), Distance : 345 ft
Pinch Hitting: RHB Guo Kwok 0-0: Called Strike
0-1: Swinging Strike
0-2: Foul Ball, location: 2F
0-2: Foul Ball, location: 2F
0-2: Strikes out swinging
Batting: SHB Javy Franco 0-0: Called Strike
0-1: Foul Ball, location: 2F
0-2: Ball
1-2: Strikes out swinging
Bottom of the 8th over - 2 runs, 2 hits, 0 errors, 0 left on base; Madison 9 - Tijuana 3
TOP OF THE 9TH
Madison Brewers batting - Pitching for Tijuana Toros : RHP Bart Bell
Now at 1B: Guo Kwok
Now at 3B: Jose Diaz
Now at SS: Felipe Rivera
Now in CF: Yok-sing Zhào
Now in RF: Gerardo Arriaga
Batting: RHB Lorenzo Diaz 0-0: Fly out, F8 (Flyball, 8LD, EV 79.4 MPH)
Batting: RHB Frank Pena 0-0: Ball
1-0: Fly out, F8 (Flyball, 8RD, EV 98.8 MPH)
Pinch Hitting: RHB Tristan Smeets 0-0: Called Strike
0-1: Reached on error, E4 (Groundball, 4, EV 80.6 MPH)
Pinch Hitting: RHB Curtis Montgomery 0-0: Ball
1-0: SINGLE (Groundball, 34S, EV 82.5 MPH) (infield hit)
Tristan Smeets to second
Batting: RHB Todd Massad 0-0: Ball
1-0: Swinging Strike
1-1: Fly out, F7 (Flyball, 7D, EV 96.9 MPH)
Top of the 9th over - 0 runs, 1 hit, 1 error, 2 left on base; Madison 9 - Tijuana 3
BOTTOM OF THE 9TH
Tijuana Toros batting - Pitching for Madison Brewers : LHP Tony Salazar
Now at 1B: Mario Lopez
Now at 3B: Jackson Wither
Batting: RHB Adam Maczko 0-0: Foul Ball, location: 2F
0-1: Foul Ball, location: 2F
0-2: Ball
1-2: Ball
2-2: Strikes out swinging
Pinch Hitting: RHB Tan-ming Kwan 0-0: Called Strike
0-1: Swinging Strike
0-2: Strikes out swinging
Batting: RHB John Hanson 0-0: Swinging Strike
0-1: Swinging Strike
0-2: Foul Ball, location: 2F
0-2: Ball
1-2: Ball
2-2: Foul Ball, location: 2F
2-2: Strikes out swinging
Bottom of the 9th over - 0 runs, 0 hits, 0 errors, 0 left on base; Madison 9 - Tijuana 3
Thursday, December 15th , 2022 - OOTP Baseball 23.9 Build 102